 Dungeon Crawl Stone Soup version 0.29.0-4-gdea44cf6ec (webtiles) character file.

Game seed: 17695755775098553931

364 qw the Chopper (level 6, -6/35 HPs)
             Began as a Tengu Warper on Aug 28, 2022.
             Killed by divine providence
             ... invoked by an orc priest
              (14 damage)
             ... on level 4 of the Dungeon.
             The game lasted 00:00:24 (3534 turns).

qw the Chopper (Tengu Warper)                       Turns: 3534, Time: 00:00:25

Health: -6/35      AC:  8    Str: 13    XL:     6   Next: 67%
Magic:  10/10      EV:  7    Int: 13    God:
Gold:   210        SH:  0    Dex: 14    Spells: 9/9 levels left

rFire   . . .      SeeInvis .   Y - +0 hand axe
rCold   . . .      Faith    .   (no shield)
rNeg    . . .      Spirit   .   a - +0 chain mail
rPois   .          Reflect  .   (helmet restricted)
rElec   .          Harm     .   (no cloak)
rCorr   .          Rampage  .   (no gloves)
Will    .....                   (boots unavailable)
Stlth   ..........              (no amulet)
HPRegen 0.11/turn               (no ring)
MPRegen 0.12/turn               (no ring)

@: flying quickly and evasively, quick
A: beak, talons 3, nimble flight
a: no special abilities


You were on level 4 of the Dungeon.
You visited 1 branch of the dungeon, and saw 4 of its levels.

You collected 210 gold pieces.


Innate Abilities, Weirdness & Mutations

You have a beak for a mouth.
You have claws for feet.
Your magical nature lets you fly swiftly and evasively.


   Skills:
 + Level 2.1 Fighting
 - Level 7.3 Axes
 - Level 1.0 Throwing
 - Level 2.0 Armour
 - Level 2.1 Dodging
 - Level 2.0 Spellcasting
 - Level 2.4 Translocations


You had 9 spell levels left.
You didn't know any spells.
Your spell library contained the following spells:

 Spells                   Type           Power      Damage    Failure   Level
 Blink                    Tloc           14%        N/A       99%         2
 Gell's Gravitas          Tloc           7%         N/A       100%        3
 Lesser Beckoning         Tloc           7%         N/A       100%        3
 Teleport Other           Tloc           7%         N/A       100%        3
 Manifold Assault         Tloc           7%         N/A       100%        5

Inventory:

Hand Weapons
 d - a +0 flail
 Y - a +0 hand axe (weapon)
Armour
 a - a +0 chain mail (worn)
Scrolls
 b - a scroll of vulnerability {unknown}
Potions
 c - a potion of berserk rage {unknown}
 e - 3 potions of curing
 h - a potion of might {unknown}

Dungeon Overview and Level Annotations

Branches:
Dungeon (4/15)
 Temple: D:4-7

Altars:


Message History

Found a scale mail.
Enter note:
Enter note:
Enter note: You now have 210 gold pieces (gained 8).
b - a scroll labelled LEATTU JAIGIUWN;
c - a viscous black potion
Enter note: An orc priest comes into view.
It is wielding a +0 mace.
3519 ||| Stepping ~*~*~tactically~*~*~ (hiding).
You start waiting.
An orc priest is nearby!
3521 ||| Stepping ~*~*~tactically~*~*~ (hiding).
You start waiting.
An orc priest is nearby!
The orc priest invokes the aid of Beogh against you.
Beogh smites you!
You closely miss the orc priest. The orc priest hits you with a +0 mace.
You hit the orc priest. Your kick misses the orc priest.
You peck the orc priest, but do no damage.
The orc priest is moderately wounded.
The orc priest hits you with a +0 mace.
You hit the orc priest. Your peck misses the orc priest.
The orc priest is heavily wounded.
The orc priest hits you with a +0 mace.
You barely miss the orc priest. You claw the orc priest.
Your peck misses the orc priest.
The orc priest is severely wounded.
The orc priest hits you with a +0 mace.
You closely miss the orc priest. Your peck misses the orc priest.
The orc priest is severely wounded.
The orc priest hits you with a +0 mace.
You closely miss the orc priest.
The orc priest is severely wounded.
The orc priest hits you but does no damage.
You hit the orc priest. Your kick misses the orc priest.
The orc priest is severely wounded.
The orc priest invokes the aid of Beogh against you.
Beogh smites you!
You die...

#..............#..
##..............#..
#...#[..........#..
#####...#..............
#.....##..............#
#.....#.................#
...##.##.................
.. #.....................
###.o@..##............
#.......#.##............
##......###..........###
#.......# ..........
#.#...#.. ..##.##.. #.
... .. ....


You could see an orc priest.

Vanquished Creatures
  A bullfrog (D:3)
  A necrophage (D:4)
  Terence (D:2)
  A gnoll (D:1)
  10 adders
  2 worms
  3 dart slugs
  9 orcs
  8 ball pythons
  8 bats
  5 endoplasms
  7 giant cockroaches
  7 goblins
  5 hobgoblins
  6 quokkas
  3 frilled lizards
  11 kobolds
  3 rats
91 creatures vanquished.

Vanquished Creatures (others)
  A plant (D:1)
1 creature vanquished.

Grand Total: 92 creatures vanquished

Notes
Turn   | Place    | Note
-------+----------+-------------------------------------------
     0 | D:1      | qw the Tengu Warper began the quest for the Orb.
     0 | D:1      | Reached XP level 1. HP: 12/12 MP: 4/4
     0 | D:1      | 0 ||| qw: Version: 0.1-a-89-g26bdef1
     0 | D:1      | 0 ||| qw: Game counter: 2469
     0 | D:1      | 0 ||| qw: Always use a shield: true
     0 | D:1      | 0 ||| qw: God list: Okawaru
     0 | D:1      | 0 ||| qw: Allow faded altars: false
     0 | D:1      | 0 ||| qw: Do Orc after D:15 true
     0 | D:1      | 0 ||| qw: Do second Lair branch before Depths: true
     0 | D:1      | 0 ||| qw: Lair rune preference: random
     0 | D:1      | 0 ||| qw: Plans: Normal
     0 | D:1      | 0 ||| PLANNING D:1-11
    62 | D:1      | 62 ||| Stepping ~*~*~tactically~*~*~ (stealth).
    64 | D:1      | 64 ||| Stepping ~*~*~tactically~*~*~ (stealth).
    66 | D:1      | 66 ||| Stepping ~*~*~tactically~*~*~ (stealth).
   145 | D:1      | Reached skill level 3 in Axes
   145 | D:1      | Reached XP level 2. HP: 14/17 MP: 6/6
   483 | D:1      | 483 ||| Stepping ~*~*~tactically~*~*~ (stealth).
   483 | D:1      | Found a faded altar of an unknown god.
   489 | D:1      | Reached XP level 3. HP: 21/21 MP: 7/7
   594 | D:1      | Reached skill level 4 in Axes
   961 | D:1      | 961 ||| DROPPING ring of magical power.
   962 | D:1      | 962 ||| READING scroll labelled HAUXEPU BUOFAMP.
  1079 | D:1      | 1079 ||| READING scroll labelled QITRANLYFU.
  1080 | D:1      | 1080 ||| DRINKING 2 bubbling orange potions.
  1081 | D:1      | 1081 ||| DRINKING 3 silvery potions.
  1082 | D:1      | 1082 ||| DROPPING scroll of blinking.
  1150 | D:2      | 1150 ||| Stepping ~*~*~tactically~*~*~ (stealth).
  1196 | D:2      | 1196 ||| DROPPING +0 club.
  1341 | D:2      | 1341 ||| Stepping ~*~*~tactically~*~*~ (stealth).
  1400 | D:2      | HP: 5/21 [adder (2)]
  1401 | D:2      | 1401 ||| DRINKING 2 potions of heal wounds.
  1403 | D:2      | Reached XP level 4. HP: 24/26 MP: 8/8
  1622 | D:2      | 1622 ||| Stepping ~*~*~tactically~*~*~ (stealth).
  1624 | D:2      | 1624 ||| Stepping ~*~*~tactically~*~*~ (hiding).
  1625 | D:2      | 1625 ||| Stepping ~*~*~tactically~*~*~ (hiding).
  1748 | D:2      | Noticed Terence
  1771 | D:2      | HP: 5/26 [Terence/+0 hand axe (5)]
  1772 | D:2      | 1772 ||| DRINKING potion of heal wounds.
  1773 | D:2      | Killed Terence
  1774 | D:2      | Reached skill level 5 in Axes
  2128 | D:2      | 2128 ||| UPGRADING to +0 chain mail.
  2138 | D:2      | 2138 ||| DROPPING +0 leather armour.
  2139 | D:2      | 2139 ||| READING scroll labelled IQOASM WUNKE.
  2140 | D:2      | 2140 ||| READING scroll labelled UJEINOIXTO.
  2198 | D:3      | 2198 ||| STAIRDANCE
  2231 | D:3      | 2231 ||| STAIRDANCE
  2236 | D:2      | Gained mutation: Your magical nature lets you fly swiftly
                  | and evasively. [Tengu growth]
  2236 | D:2      | Reached XP level 5. HP: 29/30 MP: 9/9
  2392 | D:3      | 2392 ||| Stepping ~*~*~tactically~*~*~ (stealth).
  2415 | D:3      | Reached skill level 6 in Axes
  2489 | D:3      | 2489 ||| DROPPING +0 whip.
  2600 | D:3      | 2600 ||| FLEEEEING.
  2601 | D:3      | 2601 ||| FLEEEEING.
  2602 | D:3      | 2602 ||| STAIRDANCE
  2626 | D:2      | 2626 ||| READING scroll labelled EWOER WONNI.
  2636 | D:3      | 2636 ||| STAIRDANCE
  3087 | D:3      | Reached XP level 6. HP: 22/35 MP: 10/10
  3203 | D:3      | 3203 ||| READING scroll labelled DYKETY PESU.
  3345 | D:4      | 3345 ||| STAIRDANCE
  3402 | D:4      | Reached skill level 7 in Axes
  3418 | D:4      | 3418 ||| Stepping ~*~*~tactically~*~*~ (stealth).
  3439 | D:4      | 3439 ||| Stepping ~*~*~tactically~*~*~ (stealth).
  3445 | D:4      | 3445 ||| Stepping ~*~*~tactically~*~*~ (stealth).
  3519 | D:4      | 3519 ||| Stepping ~*~*~tactically~*~*~ (hiding).
  3521 | D:4      | 3521 ||| Stepping ~*~*~tactically~*~*~ (hiding).
  3532 | D:4      | HP: 8/35 [orc priest/+0 mace (3)]
  3534 | D:4      | Killed from afar by an orc priest

Levels and vault maps discovered:
D:1:      dpeg_arrival_simpleton_c, layout_loops_cross,
          dreamdust_ecumenical_altar_grove
D:2:      minmay_evil_eye, layout_basic, minivault_4, uniq_terence
D:3:      layout_rooms, chequers_serial_rivers_small_3,
          kennysheep_generic_room_4
D:4:      layout_cave_pools

Skill      XL: |  1  2  3  4  5  6 |
---------------+-------------------+-----
Axes           | 3 4 5 6 7 |  7.3
Armour         | 2 |  2.0
Fighting       | |  2.1
Throwing       | |  1.0
Dodging        | |  2.1
Spellcasting   | |  2.0
Translocations | |  2.4

Action                   |  1- 3 |  4- 6 || total
-------------------------+-------+-------++-------
Melee: Hand axe          |   105 |   162 ||   267
       Kick              |    26 |    44 ||    70
       Peck              |    17 |    26 ||    43
       Punch             |       |     5 ||     5
Throw: Boomerang         |     7 |       ||     7
  Use: Potion            |     3 |     1 ||     4
       Scroll            |     2 |     4 ||     6
Armor: Leather armour    |    27 |     5 ||    32
       Chain mail        |       |    96 ||    96
Dodge: Dodged            |    53 |    74 ||   127

Table legend:
 A = Non-vault XP
 B = Vault XP
 C = Vault XP percentage of total XP
 D = Non-vault monster count
 E = Vault monster count
 F = Vault count percentage of total count
                 A         B        C        D         E       F
            +---------+---------+-------+---------+---------+-------
      Total |     459 |      62 |  11.9 |      85 |       6 |   6.6
            +---------+---------+-------+---------+---------+-------
        D:1 |      64 |       0 |   0.0 |      32 |       0 |   0.0
        D:2 |      91 |      35 |  27.8 |      24 |       4 |  14.3
        D:3 |     188 |      27 |  12.6 |      20 |       2 |   9.1
        D:4 |     116 |       0 |   0.0 |       9 |       0 |   0.0
            +---------+---------+-------+---------+---------+-------
